 Dungeon Crawl Stone Soup version 0.20.1-1-g8b1a95d (webtiles) character file.

128100 SmokeFace the Warrior (level 16, -29/157 HPs)
             Began as a Minotaur Fighter on July 26, 2017.
             Was a High Priest of Okawaru.
             Killed from afar by Nikola (45 damage)
             ... with a chain lightning
             ... on level 4 of the Shoals on July 27, 2017.
             The game lasted 01:34:08 (30857 turns).

SmokeFace the Warrior (Minotaur Fighter)           Turns: 30857, Time: 01:34:09

Health: -29/157    AC: 35    Str: 29    XL:     16   Next: 47%
Magic:  17/18      EV: 13    Int:  5    God:    Okawaru [*****.]
Gold:   1668       SH: 22    Dex: 15    Spells: 15/15 levels left

rFire    + . .     SeeInvis .   h - +11 flail of Xemm {vamp, Str+2 Dex+4}
rCold    + + .     Gourm    .   Y - +0 shield "Rarismuc" {rF+ rN+}
rNeg     + + .     Faith    .   a - +8 chain mail of the Lion {rC+}
rPois    .         Spirit   .   K - +1 hat
rElec    .         Reflect  +   B - +2 cloak
rCorr    .         Harm     .   P - +0 pair of gloves
MR       ++...                  s - +2 pair of boots
Stlth    ..........             R - +4 amulet of reflection
Regen    0.4/turn               W - ring "Ehorox" {rC+ rN+}
MPRegen  0.2/turn               x - ring of protection from magic

@: heroism, mesmerised, slowed, glowing, very slow
A: retaliatory headbutt, horns 2
a: Heroism, Finesse, Renounce Religion


You were on level 4 of the Shoals.
You worshipped Okawaru.
Okawaru was extremely pleased with you.
You were not hungry.

You visited 4 branches of the dungeon, and saw 26 of its levels.
You also visited: Sewer.

You collected 1668 gold pieces.


Innate Abilities, Weirdness & Mutations

You reflexively headbutt those who attack you in melee.
You have a pair of horns on your head.


   Skills:
 + Level 18.0(23.0) Fighting
 - Level 16.0(21.0) Maces & Flails
 + Level 17.5(22.5) Armour
 + Level 17.1(22.1) Shields
 - Level 5.0 Invocations


You had 15 spell levels left.
You didn't know any spells.

Inventory:

Hand Weapons
 h - the +11 flail of Xemm (weapon) {vamp, Str+2 Dex+4}

   It inflicts no extra harm, but heals its wielder when it wounds a living foe.
   It affects your strength (+2).
   It affects your dexterity (+4).
 G - a +3 morningstar of venom
Missiles
 q - 5 throwing nets {=f}
 I - 6 tomahawks of returning (quivered)
Armour
 a - the +8 chain mail of the Lion (worn) {rC+}

   It protects you from cold.
 s - a +2 pair of boots (worn)
 y - the +6 ring mail of Joofer {Dex+6 SInv}

   It affects your dexterity (+6).
   It lets you see invisible.
 B - a +2 cloak (worn)
 K - a +1 hat (worn)
 P - a +0 pair of gloves (worn)
 Y - the +0 shield "Rarismuc" (worn) {rF+ rN+}

   It protects you from fire.
   It protects you from negative energy.
Jewellery
 i - an uncursed ring of positive energy
 t - an uncursed ring of protection from fire
 x - a ring of protection from magic (right hand)
 R - a +4 amulet of reflection (around neck)
 W - the ring "Ehorox" (left hand) {rC+ rN+}

   [ring of protection from cold]

   It protects you from cold.
   It protects you from negative energy.
 Z - an uncursed ring of resist corrosion
Scrolls
 b - 2 scrolls of enchant armour
 j - 13 scrolls of remove curse
 k - 5 scrolls of fog
 m - 13 scrolls of teleportation {@r4}
 r - 21 scrolls of identify {@r1}
 z - 4 scrolls of fear
 D - a scroll of blinking
 Q - 2 scrolls of holy word
 V - 3 scrolls of magic mapping
Potions
 c - 6 potions of curing {@q1}
 d - a potion of might
 g - 2 potions of mutation {!q}
 l - 2 potions of haste {@q3}
 o - 5 potions of flight
 u - 2 potions of brilliance
 E - a potion of cancellation
 J - a potion of berserk rage {!q}
 N - a potion of lignification {unknown}
 S - a potion of heal wounds {@q2}
 U - 3 potions of ambrosia
Books
 e - a book of Maledictions

   Spells                             Type                      Level
   a - Corona                         Hexes                        1
   b - Ensorcelled Hibernation        Hexes/Ice                    2
   c - Confuse                        Hexes                        3
   d - Tukima's Dance                 Hexes                        3
   e - Dazzling Spray                 Conjuration/Hexes            3
Comestibles
 f - 15 bread rations
 n - 26 fruits
 p - 13 meat rations
 v - 6 royal jellies

Dungeon Overview and Level Annotations

Branches:
Dungeon (15/15)            Temple (1/1) D:7            Lair (6/6) D:9
 Shoals (4/4) Lair:2       Spider (0/4) Lair:3        Slime (0/5) Lair:5
    Orc (0/2) D:12         Vaults (0/5) D:13         Depths (0/5) D:15

Altars:
Dithmenos
Elyvilon
Fedhas
Gozag
Hepliaklqana
Kikubaaqudgha
Makhleb
Okawaru
Qazlal
Ru
Sif Muna
Uskayaw
Xom
Yredelemnul
Zin
The Shining One
Beogh

Shops:
D:7 :   D:9 *   D:14 }

Annotations:
Lair:3 exclusion: oklob plant
Shoals:1 exclusion: Roxanne, Roxanne
Shoals:4 Nikola

▒...▒▒S......▒.≈<≈≈≈≈≈≈≈
...m.▒.m........≈≈≈≈≈≈≈≈
..m.t'.........≈≈≈≈≈≈≈≈≈
...mm▒.........≈≈≈≈≈..≈≈
▒...▒▒....▒▒▒▒▒≈≈≈......
▒▒▒▒ ....▒▒E..▒▒mm......
....▒....c▒....^...
.≈≈≈≈▒..:..'<..)...(
.≈≈≈≈▒ ▒H)m..... ≈..≈≈≈▒
▒))..(... ≈...(...▒
≈≈≈..@...▒ ≈≈≈[......m
≈≈≈≈≈......▒
≈≈≈≈≈≈≈.....▒
≈≈≈≈.≈≈≈≈≈....


You could see Nikola, a merfolk javelineer, a satyr (wandering), 2 merfolk, a
water elemental (wandering) and a merfolk siren.


Message History

You hear a mighty clap of thunder!
The lightning arc hits the faun.
The lightning arc hits you!
* * * LOW HITPOINT WARNING * * *
The lightning arc hits the faun.
The faun dies!
The lightning arc hits you!
* * * LOW HITPOINT WARNING * * *
The lightning arc hits the merfolk aquamancer.
The lightning arc hits you!
* * * LOW HITPOINT WARNING * * *
You block the merfolk aquamancer's attack.
You hear an angry hiss.
You hear a shout! x6; You hear an angry hiss.
You hear a screech! x5; You hear a shout! x4; You hear an angry hiss.
You hear a shout!
You hear a screech!
You hear a shout! x4
You hear an angry hiss.
You hear a shout! x7
A merfolk comes into view. It is wielding a trident.
You barely miss the merfolk aquamancer.
Your headbutt misses the merfolk aquamancer.
The merfolk aquamancer is moderately wounded.
A satyr opens the door.
The merfolk siren chants its luring song.
Nikola mumbles some strange words.
You hear a mighty clap of thunder!
The lightning arc hits the merfolk siren.
The lightning arc hits you!
* * * LOW HITPOINT WARNING * * *
The lightning arc hits the merfolk aquamancer.
The merfolk aquamancer dies!
The lightning arc hits you!
You die...

Action                   |  1- 3 |  4- 6 |  7- 9 | 10-12 | 13-15 | 16-18 || total
-------------------------+-------+-------+-------+-------+-------+-------++-------
Melee: Flail             |    79 |   194 |   361 |   839 |   122 |   174 ||  1769
       Headbutt          |    14 |    41 |    88 |   235 |   583 |    55 ||  1016
       Mace              |       |       |       |       |  1351 |       ||  1351
       Morningstar       |       |       |       |       |   362 |    68 ||   430
Throw: Tomahawk          |       |       |       |       |    28 |       ||    28
Invok: Heroism           |       |       |       |     9 |    15 |     5 ||    29
       Finesse           |       |       |       |       |     3 |     1 ||     4
  Use: Scroll            |       |       |     7 |     4 |    16 |     1 ||    28
       Potion            |       |       |       |     2 |    12 |     2 ||    16
  Eat: Chunk             |       |     9 |    10 |    28 |    46 |     5 ||    98
       Royal jelly       |       |       |       |     1 |       |     3 ||     4
Armor: Scale mail        |    40 |    21 |       |       |       |       ||    61
       Ring mail         |       |    61 |   140 |   357 |   431 |       ||   989
       Chain mail        |       |       |       |       |   123 |   162 ||   285
Dodge: Dodged            |    23 |    47 |    65 |   226 |   414 |    82 ||   857
Block: Shield            |    47 |    71 |   146 |   263 |  1118 |   295 ||  1940
       Large shield      |       |       |       |   499 |   389 |       ||   888
       Reflection        |       |       |       |       |    49 |    11 ||    60

Vault maps used:
D:1:      mrwooster_arrival_arrow, serial_forest, infiniplex_forest_clump_small,
          infiniplex_forest_straight_2, infiniplex_forest_straight_1,
          infiniplex_forest_side_room, infiniplex_forest_clump_long,
          infiniplex_forest_clump_cross
D:2:      chequers_ecumenical_altar_lobes
D:3:      old_standard_altar, marbit_many_paths, minmay_surrounded
D:4:      nicolae_ru_awakened_eye
D:5:      first_bread, gup_sewer_entry_spiral, st_stairs_14,
          kennysheep_flooded_box, uniq_ijyb
D:6:      grunt_temple_overflow_diamond, fedhas_altar_1, uniq_blork_the_orc,
          uniq_duvessa
D:7:      xom_butterflies, minmay_temple_entry_statues_pillars, serial_shops,
          nicolae_shop_window_shopping, the_bakery, tso_metal_star
D:8:      dk_noncrumbling_4, nicolae_underground_beach
D:9:      erik_lair_island, serial_shops, nicolae_shop_overgrown_old_shop,
          uniq_psyche
D:10:     uniq_joseph
D:11:     basic_altar, uniq_urug
D:12:     minmay_cornered_nines, minmay_orc_entry_temple_small, uniq_fannar
D:13:     erik_vaults_1, uniq_snorg
D:14:     serial_shops, nicolae_shop_waterfront, minmay_misc_feat_four_crosses
D:15:     gammafunk_depths_entry_grave, minmay_strange_pillars
Temple:   cyrus_circular_temple
Lair:1:   lab_entry_generic
Lair:2:   minmay_shoals_entry_centaurs, grunt_megastairs_1,
          infiniplex_staircase_pool, serial_bayou_shore_b, lemuel_fruit_tree
Lair:3:   nicolae_spider_entry_non_spiders, hangedman_lair_unloving_vines,
          minmay_holes, minmay_lair_oklob_items, infiniplex_staircase_pool_2
Lair:4:   serial_bayou_pond_d
Lair:5:   dpeg_slime_entry_corner
Lair:6:   hangedman_lair_caniforms_friends, guppyfry_lair_end_dragon
Shoals:1: uniq_roxanne
Shoals:2: uniq_jorgrun
Shoals:3: uniq_mara
Shoals:4: shoals_end_simple, shoal_ilsuiw, nicolae_shoals_water_shrine,
          uniq_nikola, uniq_ilsuiw
Sewer:    sewer_co_tree

Notes
Turn   | Place    | Note
-------+----------+-------------------------------------------
     0 | D:1      | SmokeFace the Minotaur Fighter began the quest for the Orb.
     0 | D:1      | Reached XP level 1. HP: 19/19 MP: 0/0
    87 | D:1      | Reached skill level 3 in Maces & Flails
    90 | D:1      | Reached XP level 2. HP: 26/27 MP: 1/1
   304 | D:1      | Reached skill level 4 in Maces & Flails
   513 | D:1      | Reached XP level 3. HP: 30/33 MP: 2/2
   973 | D:2      | You fall through a shaft for 2 floors!
   973 | D:4      | Found a sacrificial altar of Ru.
  1008 | D:3      | Reached skill level 4 in Fighting
  1014 | D:3      | Reached XP level 4. HP: 36/40 MP: 3/3
  1105 | D:3      | Found a hide-covered altar of Uskayaw.
  1114 | D:3      | Reached skill level 5 in Maces & Flails
  1505 | D:2      | Found a faded altar of an unknown god.
  1744 | D:3      | Reached XP level 5. HP: 38/47 MP: 4/4
  1919 | D:3      | Found an ancient bone altar of Kikubaaqudgha.
  2218 | D:4      | Reached skill level 5 in Fighting
  2274 | D:4      | Got a sapphire-studded ring mail
  2336 | D:4      | Identified the +6 ring mail of Joofer {Dex+6 SInv} (You found it on level 4 of the Dungeon)
  2487 | D:4      | Reached skill level 6 in Maces & Flails
  2890 | D:5      | Entered Level 5 of the Dungeon
  2895 | D:5      | Reached XP level 6. HP: 56/56 MP: 5/5
  3002 | D:5      | Noticed Ijyb
  3020 | D:5      | Killed Ijyb
  3056 | D:5      | Reached skill level 7 in Maces & Flails
  3297 | D:5      | Found a glowing drain.
  3301 | Sewer    | Entered a sewer
  3783 | Sewer    | Reached skill level 6 in Fighting
  3783 | Sewer    | Reached XP level 7. HP: 59/63 MP: 6/6
  3849 | Sewer    | Reached skill level 8 in Maces & Flails
  4442 | D:5      | Reached skill level 9 in Maces & Flails
  4631 | D:5      | Reached skill level 7 in Fighting
  4728 | D:6      | Noticed Dowan
  4750 | D:6      | Killed Dowan
  4823 | D:6      | Reached skill level 4 in Armour
  4823 | D:6      | Reached XP level 8. HP: 73/73 MP: 7/7
  4843 | D:6      | Reached skill level 4 in Shields
  4857 | D:6      | Noticed Duvessa
  4866 | D:6      | Killed Duvessa
  5026 | D:6      | Reached skill level 10 in Maces & Flails
  5128 | D:6      | Noticed Blork the orc
  5142 | D:6      | Killed Blork the orc
  5161 | D:6      | Found a basalt altar of Yredelemnul.
  5164 | D:6      | Found a shadowy altar of Dithmenos.
  5167 | D:6      | Found a stormy altar of Qazlal.
  5222 | D:6      | Found a blossoming altar of Fedhas.
  5317 | D:7      | Found a shimmering altar of Xom.
  5389 | D:7      | Reached skill level 8 in Fighting
  5389 | D:7      | Reached skill level 5 in Armour
  5389 | D:7      | Reached skill level 5 in Shields
  5423 | D:6      | Reached XP level 9. HP: 49/81 MP: 8/8
  5633 | D:7      | Found a staircase to the Ecumenical Temple.
  5644 | Temple   | Entered the Ecumenical Temple
  5649 | Temple   | Became a worshipper of Warmaster Okawaru
  5681 | D:7      | Reached skill level 11 in Maces & Flails
  5697 | D:7      | Reached skill level 6 in Shields
  5705 | D:7      | Reached * piety under Okawaru
  5804 | D:7      | Reached skill level 6 in Armour
  5888 | D:7      | Found a glowing golden altar of the Shining One.
  6059 | D:7      | Found Dimojy's Book Shop.
  6459 | D:8      | Reached skill level 9 in Fighting
  6585 | D:8      | Reached skill level 12 in Maces & Flails
  6598 | D:8      | Reached ** piety under Okawaru
  6627 | D:8      | Reached skill level 7 in Shields
  6636 | D:8      | Reached skill level 7 in Armour
  6636 | D:8      | Reached XP level 10. HP: 63/91 MP: 9/9
  7365 | D:9      | Noticed daodarkstar's ghost (novice TeAE)
  7402 | D:9      | Killed daodarkstar's ghost
  7404 | D:9      | Reached *** piety under Okawaru
  7696 | D:8      | Reached skill level 13 in Maces & Flails
  7699 | D:8      | Reached skill level 8 in Armour
  7699 | D:8      | Reached skill level 8 in Shields
  7888 | D:9      | Reached skill level 10 in Fighting
  8208 | D:9      | Noticed a two-headed ogre
  8216 | D:9      | Killed a two-headed ogre
  8216 | D:9      | Received a gift from Okawaru
  8285 | D:9      | Noticed Psyche
  8301 | D:9      | Killed Psyche
  8301 | D:9      | Reached XP level 11. HP: 69/101 MP: 7/10
  8880 | D:9      | Found a staircase to the Lair.
  9865 | D:9      | Reached **** piety under Okawaru
  9865 | D:9      | Reached skill level 9 in Armour
 10020 | D:9      | Reached skill level 9 in Shields
 10122 | D:9      | Found Koplonem's Assorted Antiques.
 10151 | D:9      | Reached skill level 14 in Maces & Flails
 10252 | Lair:1   | Entered Level 1 of the Lair of Beasts
 10435 | Lair:1   | HP: 10/101 [yak (14)]
 10837 | Lair:1   | Reached skill level 11 in Fighting
 11438 | Lair:1   | Reached ***** piety under Okawaru
 11903 | Lair:2   | Reached skill level 1 in Invocations
 12063 | Lair:2   | Reached skill level 10 in Armour
 12067 | Lair:2   | Reached skill level 2 in Invocations
 12142 | Lair:2   | Noticed a catoblepas
 12171 | Lair:2   | Killed a catoblepas
 12171 | Lair:2   | Received a gift from Okawaru
 12171 | Lair:2   | Reached skill level 15 in Maces & Flails
 12171 | Lair:2   | Reached skill level 10 in Shields
 12171 | Lair:2   | Reached XP level 12. HP: 24/110 MP: 10/12
 12172 | Lair:2   | Got a transparent longbow {god gift}
 12828 | Lair:2   | Found a staircase to the Shoals.
 13053 | Lair:2   | Reached skill level 3 in Invocations
 13352 | Lair:2   | Reached skill level 12 in Fighting
 13956 | Lair:3   | Noticed a five-headed hydra
 13970 | Lair:3   | Killed a five-headed hydra
 14227 | Lair:3   | Received a gift from Okawaru
 14717 | Lair:3   | Found a hole to the Spider Nest.
 14964 | Lair:4   | Noticed a seven-headed hydra
 14969 | Lair:4   | Killed a seven-headed hydra
 14969 | Lair:4   | Reached skill level 4 in Invocations
 15008 | Lair:3   | Reached skill level 11 in Shields
 15064 | Lair:3   | Reached skill level 11 in Armour
 15841 | Lair:4   | Reached skill level 5 in Invocations
 15877 | Lair:4   | Reached XP level 13. HP: 115/119 MP: 15/15
 16278 | Lair:4   | Reached skill level 13 in Fighting
 16281 | Lair:4   | Received a gift from Okawaru
 16295 | Lair:4   | Reached skill level 16 in Maces & Flails
 16653 | Lair:5   | Reached ****** piety under Okawaru
 16713 | Lair:5   | Received a gift from Okawaru
 16732 | Lair:5   | Got a faintly glowing wooden ring
 16738 | Lair:5   | Identified the ring "Ehorox" {rC+ rN+} (You found it on level 5 of the Lair of Beasts)
 16748 | Lair:5   | Reached skill level 12 in Armour
 16761 | Lair:5   | Reached skill level 12 in Shields
 16878 | Lair:5   | Found a staircase to the Slime Pits.
 17350 | Lair:6   | Entered Level 6 of the Lair of Beasts
 18148 | Lair:6   | Received a gift from Okawaru
 18151 | Lair:6   | Got a slimy shield {god gift}
 18186 | Lair:6   | Reached skill level 13 in Armour
 18223 | Lair:6   | Identified the +0 shield "Rarismuc" {rF+ rN+} (Okawaru gifted it to you on level 6 of the Lair of Beasts)
 18240 | Lair:6   | Reached skill level 14 in Fighting
 18368 | Lair:6   | Reached skill level 13 in Shields
 18843 | Lair:6   | Reached XP level 14. HP: 132/132 MP: 16/16
 19393 | Lair:6   | HP: 9/133 [poisoned by a swamp dragon (poison gas)]
 19401 | Lair:6   | HP: 13/133 [poisoned by a swamp dragon (poison gas)]
 19402 | Lair:6   | HP: 4/133 [poisoned by a swamp dragon (poison gas)]
 19407 | Lair:6   | HP: 3/133 [poison (poison gas)]
 19409 | Lair:6   | Identified a potion of resistance
 20133 | D:10     | Entered Level 10 of the Dungeon
 20316 | D:10     | Reached skill level 14 in Armour
 20354 | D:10     | Noticed Joseph
 20375 | D:10     | Killed Joseph
 21282 | D:11     | Reached skill level 15 in Fighting
 21362 | D:11     | Found a deep blue altar of Sif Muna.
 21404 | D:11     | Noticed Dyss's ghost (journeyman DrTm)
 21421 | D:11     | Killed Dyss's ghost
 21439 | D:11     | Reached skill level 14 in Shields
 21537 | D:11     | Noticed Urug
 21563 | D:11     | Killed Urug
 21945 | D:12     | Noticed Fannar
 21976 | D:12     | Killed Fannar
 22402 | D:12     | Found a staircase to the Orcish Mines.
 22434 | D:12     | Found a roughly hewn altar of Beogh.
 22475 | D:12     | Received a gift from Okawaru
 22738 | D:13     | Found a gate to the Vaults.
 22745 | D:13     | Noticed Snorg
 22784 | D:12     | HP: 7/136 [Snorg (12)]
 22798 | D:12     | Killed Snorg
 22798 | D:12     | Reached skill level 15 in Armour
 23531 | D:13     | Received a gift from Okawaru
 23613 | D:13     | Got a jewelled arbalest {god gift}
 23966 | D:13     | Reached XP level 15. HP: 138/143 MP: 17/17
 24608 | D:14     | Found Cexe's Gadget Boutique.
 24703 | D:14     | Reached skill level 16 in Fighting
 25040 | D:15     | Entered Level 15 of the Dungeon
 25123 | D:15     | Reached skill level 15 in Shields
 25207 | D:15     | Found a staircase to the Depths.
 25508 | D:15     | Received a gift from Okawaru
 26354 | D:15     | Reached skill level 16 in Armour
 26359 | D:15     | Received a gift from Okawaru
 26373 | D:15     | Got a scorched chain mail {god gift}
 26577 | D:15     | Identified the +8 chain mail of the Lion {rC+} (Okawaru gifted it to you on level 15 of the Dungeon)
 26939 | Shoals:1 | Entered Level 1 of the Shoals
 27027 | Shoals:1 | Noticed Roxanne
 27853 | Shoals:2 | Noticed Jorgrun
 27866 | Shoals:2 | Killed Jorgrun
 27866 | Shoals:2 | Reached skill level 16 in Shields
 27957 | Shoals:2 | Reached skill level 17 in Fighting
 29025 | Shoals:3 | Got a turquoise-encrusted ring mail
 29026 | Shoals:3 | Identified the +3 ring mail "Beann" {+Fly Str+2 Dex-3} (You found it on level 3 of the Shoals)
 29067 | Shoals:3 | Reached XP level 16. HP: 109/155 MP: 15/18
 29376 | Shoals:3 | Noticed Mara
 29391 | Shoals:3 | Noticed SmokeFace's illusion
 29417 | Shoals:2 | Noticed SmokeFace's illusion
 29428 | Shoals:2 | Killed Mara
 29486 | Shoals:2 | Reached skill level 17 in Armour
 29621 | Shoals:2 | Received a gift from Okawaru
 29638 | Shoals:2 | Got a transparent flail {god gift}
 29900 | Shoals:2 | Identified the +11 flail of Xemm {vamp, Str+2 Dex+4} (Okawaru gifted it to you on level 2 of the Shoals)
 30290 | Shoals:3 | Reached skill level 17 in Shields
 30473 | Shoals:3 | Received a gift from Okawaru
 30576 | Shoals:4 | Entered Level 4 of the Shoals
 30837 | Shoals:4 | Noticed Nikola
 30842 | Shoals:4 | Reached skill level 18 in Fighting
 30857 | Shoals:4 | Killed from afar by Nikola

Vanquished Creatures
  Mara (Shoals:2)
  Jorgrun (Shoals:2)
  Snorg (D:12)
  A fire dragon (Lair:6)
  2 merfolk impalers (Shoals:3)
  Fannar (D:12)
  The ghost of Dyss the Transmogrifier, a journeyman DrTm of Cheibriados (D:11)
  7 hydras
  A catoblepas (Lair:2)
  A merfolk avatar (Shoals:3)
  3 centaur warriors
  2 merfolk aquamancers (Shoals:3)
  6 two-headed ogres
  A death knight (D:10)
  An alligator snapping turtle (Shoals:2)
  2 dancing weapons (D:13)
  Urug (D:11)
  The ghost of daodarkstar the Destroyer, a novice TeAE of Qazlal (D:9)
  2 skeletal warriors (D:15)
  An unseen horror (shapeshifter) (D:13)
  A wizard (D:15)
  8 sea snakes
  2 unseen horrors
  A swamp dragon (Lair:6)
  3 deep elf magi
  A phantasmal warrior (D:15)
  A shadow dragon zombie (D:15)
  A wolf spider zombie (D:15)
  16 harpies
  A necromancer (D:15)
  3 cyclopes
  14 ugly things
  9 manticores
  9 fauns
  A sphinx skeleton (D:15)
  13 elephants
  2 merfolk sirens (Shoals:2)
  Psyche (D:9)
  3 water nymphs
  2 centaur zombies
  7 black mambas
  6 spiny frogs
  Joseph (D:10)
  A kobold demonologist (D:14)
  3 centaur skeletons
  A demonic crawler (Lair:3)
  3 yaktaurs (D:15)
  4 komodo dragons
  2 yaktaur zombies (D:15)
  5 rime drakes
  2 freezing wraiths
  6 trolls
  10 polar bears
  3 wind drakes
  16 merfolk
  4 raiju (Lair:6)
  6 snapping turtles
  11 blink frogs
  17 dream sheep
  A meliai zombie (D:12)
  15 hippogriffs
  2 shadows (D:13)
  79 yaks
  A spriggan (D:7)
  2 water elementals
  A basilisk (shapeshifter) (D:13)
  2 wraiths
  A vampire (D:15)
  4 wyverns
  2 basilisks
  A steam dragon (Lair:6)
  4 hungry ghosts
  2 vampire mosquitoes (D:15)
  4 wargs (Lair:6)
  A soldier ant (D:11)
  5 acid dragons
  8 water moccasins
  Duvessa (D:6)
  13 hell hounds (Lair:6)
  12 black bears
  9 porcupines
  A black bear (shapeshifter) (D:13)
  7 ice beasts
  17 orc warriors
  A swamp drake (Lair:6)
  3 sky beasts
  3 ogres
  31 wolves
  7 centaurs
  2 phantoms
  14 crocodiles
  Blork the orc (D:6)
  5 big kobolds
  21 bullfrogs
  A wyvern skeleton (D:12)
  9 scorpions
  Dowan (D:6)
  5 killer bees (D:12)
  6 wights
  8 howler monkeys
  4 electric eels (D:9)
  2 bullfrog zombies
  5 crimson imps
  8 hounds
  3 bullfrog skeletons
  16 orc priests
  6 jellies
  7 iguanas
  16 orc wizards
  Ijyb (D:5)
  13 worker ants
  A hound skeleton (D:10)
  3 gnolls (D:6)
  18 adders
  2 river rats (Sewer)
  7 shadow imps
  An adder zombie (D:9)
  2 oozes (Sewer)
  3 adder skeletons
  14 worms
  A dart slug (D:3)
  10 leopard geckos
  69 orcs
  3 bats
  13 giant cockroaches
  4 goblins
  11 hobgoblins
  7 jackals
  3 quokkas
  3 ball pythons
  A frilled lizard (D:1)
  A jackal zombie (D:8)
  20 kobolds
  A leopard gecko skeleton (D:4)
  A quokka skeleton (D:5)
  10 rats
  A plant (Lair:6)
841 creatures vanquished.

Vanquished Creatures (others)
  2 satyrs
  A merfolk aquamancer (Shoals:4)
  3 fauns
  A merfolk (Shoals:3)
  A blink frog (Lair:5)
  An iguana (Lair:6)
  2 orcs (D:9)
  12 fungi
  22 plants
45 creatures vanquished.

Grand Total: 886 creatures vanquished
